 Dungeon Crawl Stone Soup version 0.18.1-48-g4cf74bf (webtiles) character file.

34766 dvd the Unseen (level 13, -8/96 HPs)
             Began as a Vampire Enchanter on Aug 1, 2016.
             Was a High Priest of Dithmenos.
             Mangled by a death yak (23 damage)
             ... on level 7 of the Lair of Beasts.
             The game lasted 01:25:45 (19429 turns).

dvd the Unseen (Vampire Enchanter)                 Turns: 19429, Time: 01:25:46

Health: -8/96      AC: 10    Str:  7    XL:     13   Next: 44%
Magic:  11/26      EV: 16    Int: 29    God:    Dithmenos [*****.]
Gold:   924        SH:  3    Dex: 13    Spells: 8 memorised, 12 levels left

rFire  + + .     SeeInvis +     x - +2 rapier (speed)
rCold  + + .     Gourm    .     u - +2 robe {rC+ rF+}
rNeg   . . .     Faith    .     (no shield)
rPois  +         Spirit   .     p - +2 helmet {Int+3}
rElec  +         Dismiss  .     n - +0 cloak
rCorr  .         Reflect  +     k - +0 pair of gloves
SustAt .         Harm     .     R - +0 pair of boots
MR     +....                    A - +3 amulet of reflection
Stlth  ++++++++++               C - ring "Pogan" {rElec rF+ rC+}
                                F - +4 ring of intelligence

@: regenerating very quickly, wreathed by umbra, repel missiles, somewhat
resistant to hostile enchantments, uncannily stealthy
A: fangs 3, see invisible, clumsy 1, poison resistance, robust 1, unbreathing
a: Shadow Step, Shadow Form, Renounce Religion


You were on level 7 of the Lair of Beasts.
You worshipped Dithmenos.
Dithmenos was extremely pleased with you.
You were almost alive.

You visited 2 branches of the dungeon, and saw 16 of its levels.
You also visited: Labyrinth.

You collected 1073 gold pieces.
You spent 149 gold pieces at shops.

Inventory:

Hand Weapons
 a - a +2 dagger
 j - a +2 short sword of draining
 l - a +0 rapier of venom
 q - a +2 dagger of draining
 x - a +2 rapier of speed (weapon)
 y - a +2 dagger of venom
Armour
 k - a +0 pair of gloves (worn)
 n - a +0 cloak (worn)
 p - a +2 helmet of intelligence (worn)
 u - a +2 robe of resistance (worn)
 K - the +1 ring mail of the Kangaroo {rElec rCorr Str-5}
   (You found it in a labyrinth)

   It affects your strength (-5).
   It insulates you from electricity.
   It protects you from acid and corrosion.
 R - a +0 pair of boots (worn)
 S - the +4 plate armour "Ticicu" {rElec}
   (You found it in a labyrinth)

   It insulates you from electricity.
Magical Staves
 T - an uncursed staff of poison
 U - an uncursed staff of air
Jewellery
 b - an uncursed ring of resist corrosion
 e - an uncursed ring of flight
 h - an uncursed ring of protection from fire
 i - a +2 ring of evasion
 t - an uncursed ring of sustain attributes
 A - a +3 amulet of reflection (around neck)
 C - the ring "Pogan" (right hand) {rElec rF+ rC+}
   (You found it on level 8 of the Dungeon)

   [ring of protection from cold]

   It protects you from fire.
   It protects you from cold.
   It insulates you from electricity.
 F - a +4 ring of intelligence (left hand)
 I - an uncursed ring of protection from magic
 L - an uncursed ring of protection from cold
Wands
 o - a wand of slowing (10/48)
 r - a wand of polymorph (24/24)
 E - a wand of slowing (11/48)
 G - a wand of teleportation (4/9)
 J - a wand of iceblast (3/15)
 N - a wand of digging (14/24)
 O - a wand of enslavement (15/24)
 Q - a wand of acid (11/15)
 V - a wand of confusion (21/48)
Scrolls
 f - 8 scrolls of identify
 g - 4 scrolls of remove curse
 H - 2 scrolls of amnesia
 P - 2 scrolls of teleportation
 X - a scroll of blinking
Potions
 d - 40 potions of blood
 m - 3 potions of haste
 v - 2 potions of flight
 w - 6 potions of curing
 B - 2 potions of agility
Books
 c - a book of Maledictions

   Spells                             Type                      Level
   a - Corona                         Hexes                        1
   b - Ensorcelled Hibernation        Hexes/Ice                    2
   c - Confuse                        Hexes                        3
   d - Tukima's Dance                 Hexes                        3
   e - Dazzling Spray                 Conjuration/Hexes            3
 s - a Young Poisoner's Handbook

   Spells                             Type                      Level
   a - Sting                          Conjuration/Poison           1
   b - Cure Poison                    Poison                       2
   c - Mephitic Cloud                 Conjuration/Poison/Air       3
   d - Olgreb's Toxic Radiance        Poison                       4
   e - Venom Bolt                     Conjuration/Poison           5
 z - the Guide on Shifting Protection
   (You found it on level 8 of the Dungeon)

   Spells                             Type                      Level
   a - Repel Missiles                 Charms/Air                   2
   b - Spectral Weapon                Hexes/Charms                 3
   c - Excruciating Wounds            Charms/Necromancy            5
   d - Dragon Form                    Transmutation                7
 M - Kikubaaqudgha's Almanac of Evil Secrets
   (You found it in a labyrinth)

   Spells                             Type                      Level
   a - Animate Skeleton               Necromancy                   1
   b - Control Undead                 Necromancy                   4
   c - Excruciating Wounds            Charms/Necromancy            5
   d - Bolt of Draining               Conjuration/Necromancy       5
   e - Dispel Undead                  Necromancy                   5


   Skills:
 + Level 4.1 Fighting
 + Level 6.4 Short Blades
 + Level 8.2 Dodging
 + Level 20.3 Stealth
 + Level 9.6 Spellcasting
 + Level 1.6 Conjurations
 + Level 12.9 Hexes
 + Level 1.2 Charms
 + Level 0.2 Necromancy
 + Level 6.8 Ice Magic
 + Level 0.2 Air Magic


You had 12 spell levels left.
You knew the following spells:

 Your Spells              Type           Power        Failure   Level  Hunger
a - Tukima's Dance        Hex            ######..     1%          3    None
b - Ensorcelled Hibernat  Hex/Ice        ######       1%          2    None
c - Confuse               Hex            ######..     1%          3    None
d - Dazzling Spray        Conj/Hex       ######       1%          3    None
e - Cure Poison           Pois           ##........   10%         2    None
f - Repel Missiles        Chrm/Air       ###...       4%          2    None
g - Spectral Weapon       Hex/Chrm       ######..     1%          3    None
h - Animate Skeleton      Necr           N/A          3%          1    None


Dungeon Overview and Level Annotations

Branches:
Dungeon (9/15)             Temple (0/1) D:5            Lair (7/8) D:9
 Shoals (0/4) Lair:5        Snake (0/4) Lair:5        Slime (0/6) Lair:6
    Orc: D:9-12

Altars:
Ashenzari
Dithmenos
Fedhas
Kikubaaqudgha
Makhleb
Nemelex Xobeh
Okawaru
Pakellas
Qazlal
Vehumet
Xom
Yredelemnul
Zin
The Shining One
Jiyva

Shops:
D:4 ::(%[   D:7 [

Annotations:
Lair:6 1 runed door


Innate Abilities, Weirdness & Mutations

Your natural rate of healing is extremely fast.
You have razor-sharp teeth.
You have supernaturally acute eyesight.
You can survive without breathing.
You are clumsy. (Dex -2)
Your system is resistant to poisons.
You are robust (+10% HP).


Message History

Unknown command.
Casting: Dazzling Spray
Confirm with . or Enter, or press ? or * to list all spells.
Aiming: Dazzling Spray
Press: ? - help, Shift-Dir - straight line, f/p - death yak
Aim: a death yak (almost dead, umbra)
The spray of energy hits the death yak.
The death yak is almost dead.
Your shadow mimicks your spell!
The shadow shard hits the death yak.
The death yak misses you.
Unknown command.
Casting: Dazzling Spray
Confirm with . or Enter, or press ? or * to list all spells.
Aiming: Dazzling Spray
Press: ? - help, Shift-Dir - straight line, f/p - death yak
Aim: a death yak (almost dead, umbra)
The spray of energy hits the death yak.
The death yak is almost dead.
The death yak gores you!!
You die...

###.#######.####
#..#.P#.......P# #
#.............# ..
##.............. ...
##.#....$.....>.. ....
##.#.............. .
...##.#...............
....#..#Y..............#
.......@......#...#....#
....##.##..##.####....##
. ###..P#### ..$## #####
..#.# .. . ...


You could see a death yak.

Vanquished Creatures
  Snorg (Lair:6)
  A minotaur (Lab)
  A hydra (Lair:1)
  4 death yaks
  17 elephants
  A black mamba (Lair:5)
  13 spiny frogs
  A torpor snail (Lair:4)
  4 komodo dragons
  A polar bear (Lair:2)
  A troll (D:9)
  A slime creature (D:6)
  A minotaur skeleton (Lab)
  10 blink frogs
  A redback (Lab)
  3 shadows (Lab)
  26 yaks
  A hog (D:7)
  A wyvern (Lair:7)
  6 hippogriffs
  A human (D:7)
  Grum (D:9)
  4 hungry ghosts
  3 basilisks
  2 wargs (D:8)
  8 water moccasins
  10 porcupines
  3 phantoms
  A sky beast (D:9)
  A black bear (D:9)
  An ice beast (D:7)
  3 orc warriors
  9 ogres
  2 necrophages
  3 wolves (D:9)
  6 centaurs
  7 crocodiles
  An earth elemental (Lab)
  14 giant frogs
  A wyvern zombie (D:9)
  5 scorpions
  3 killer bees (D:8)
  2 howler monkeys
  A troll skeleton (Lab)
  3 electric eels
  A giant frog zombie (D:9)
  8 crimson imps
  A giant frog skeleton (D:8)
  A quasit (D:4)
  A centaur skeleton (D:9)
  11 orc priests
  6 hounds
  7 jellies (D:6)
  6 iguanas
  14 orc wizards
  3 worker ants
  15 sheep
  An ogre skeleton (Lab)
  2 hound skeletons
  A worker ant zombie (D:7)
  7 gnolls
  12 adders
  53 river rats
  2 shadow imps
  15 oozes
  An adder skeleton (D:5)
  An adder zombie (D:8)
  3 worms
  10 giant geckos
  33 orcs
  6 bats
  3 giant cockroaches
  3 goblins
  8 hobgoblins
  7 jackals
  10 kobolds
  4 quokkas
  6 giant newts
  6 rats
  A plant (D:5)
  A spectral weapon (Lair:1)
460 creatures vanquished.

Vanquished Creatures (collateral kills)
  3 ogres
  An orc priest (D:9)
  A hound (D:9)
  4 river rats (Lair:6)
  2 orcs (D:9)
11 creatures vanquished.

Vanquished Creatures (others)
  A dancing weapon (D:9)
  4 bushes (Lair:1)
  19 fungi
  3 plants (Lair:1)
27 creatures vanquished.

Grand Total: 498 creatures vanquished

Notes
Turn   | Place    | Note
--------------------------------------------------------------
     0 | D:1      | dvd the Vampire Enchanter began the quest for the Orb.
     0 | D:1      | Reached XP level 1. HP: 13/13 MP: 3/3
   228 | D:1      | Reached XP level 2. HP: 13/19 MP: 3/5
   250 | D:1      | Learned a level 2 spell: Ensorcelled Hibernation
   455 | D:1      | Reached skill level 5 in Stealth
   972 | D:2      | Reached XP level 3. HP: 25/25 MP: 1/6
  1412 | D:2      | Learned a level 3 spell: Confuse
  1426 | D:2      | Reached skill level 6 in Stealth
  1578 | D:2      | Found an oddly glowing altar of Pakellas.
  1580 | D:2      | Found a basalt altar of Yredelemnul.
  1581 | D:2      | Found an iron altar of Okawaru.
  1582 | D:2      | Found a glowing golden altar of the Shining One.
  1582 | D:2      | Found a blossoming altar of Fedhas.
  1583 | D:2      | Found a shadowy altar of Dithmenos.
  1595 | D:2      | Became a worshipper of Dithmenos the Shadowed
  2406 | D:3      | Reached XP level 4. HP: 31/31 MP: 7/7
  2452 | D:3      | Reached skill level 7 in Stealth
  2498 | D:3      | Reached skill level 5 in Hexes
  2498 | D:3      | Reached XP level 5. HP: 21/36 MP: 1/9
  2705 | D:3      | Learned a level 3 spell: Tukima's Dance
  3031 | D:4      | Noticed an ogre
  3040 | D:4      | Killed an ogre
  3040 | D:4      | Reached skill level 1 in Ice Magic
  3211 | D:4      | Found a radiant altar of Vehumet.
  3211 | D:4      | Noticed a phantom
  3229 | D:4      | Noticed an ogre
  3230 | D:4      | Found Toucw's Book Shop.
  3242 | D:4      | Reached * piety under Dithmenos
  3254 | D:4      | Killed an ogre
  3254 | D:4      | Reached skill level 1 in Fighting
  3254 | D:4      | Reached XP level 6. HP: 26/43 MP: 0/10
  3646 | D:4      | Found Cumpus's Armour Boutique.
  3647 | D:4      | Found a sparkling altar of Nemelex Xobeh.
  3649 | D:4      | Reached skill level 8 in Stealth
  3655 | D:4      | Bought a +0 helmet of intelligence for 149 gold pieces
  3664 | D:4      | Learned a level 3 spell: Dazzling Spray
  3844 | D:4      | Found Cyfeinee's Food Emporium.
  3875 | D:4      | Found Aginij's Book Shoppe.
  3937 | D:4      | Found Jizufeg's Weapon Emporium.
  4286 | D:4      | Reached XP level 7. HP: 46/48 MP: 8/11
  4308 | D:5      | Entered Level 5 of the Dungeon
  4336 | D:5      | Reached skill level 9 in Stealth
  4891 | D:5      | Found a glowing silver altar of Zin.
  4891 | D:5      | Found a burning altar of Makhleb.
  4892 | D:5      | Noticed a green death
  4892 | D:5      | Noticed an angel
  4949 | D:5      | Found a staircase to the Ecumenical Temple.
  5513 | D:6      | Reached XP level 8. HP: 55/55 MP: 10/14
  5541 | D:6      | Reached skill level 10 in Stealth
  5809 | D:6      | Reached ** piety under Dithmenos
  5809 | D:6      | Reached skill level 11 in Stealth
  6096 | D:6      | Noticed a slime creature
  6121 | D:6      | Killed a slime creature
  6121 | D:6      | Reached skill level 5 in Spellcasting
  6356 | D:6      | Found a sparkling altar of Nemelex Xobeh.
  6525 | D:6      | Reached XP level 9. HP: 58/60 MP: 13/16
  6661 | D:7      | Reached skill level 12 in Stealth
  6777 | D:7      | Found an iron altar of Okawaru.
  6804 | D:7      | Learned a level 2 spell: Cure Poison
  6832 | D:7      | Reached skill level 5 in Dodging
  6898 | D:7      | Found Byriw's Antique Armour Emporium.
  7062 | D:7      | Reached skill level 13 in Stealth
  7233 | D:7      | Found a stormy altar of Qazlal.
  7241 | D:7      | Found a shimmering altar of Xom.
  7247 | D:7      | Found an ancient bone altar of Kikubaaqudgha.
  7284 | D:7      | Reached *** piety under Dithmenos
  7953 | D:8      | Found an iron altar of Okawaru.
  7974 | D:8      | Identified the Guide on Shifting Protection
  7978 | D:8      | Learned a level 2 spell: Repel Missiles
  8008 | D:8      | Reached skill level 14 in Stealth
  8197 | D:8      | Found an oddly glowing altar of Pakellas.
  8201 | D:8      | Reached XP level 10. HP: 67/67 MP: 18/18
  8385 | D:8      | Got a glittering turquoise ring
  8925 | D:8      | Identified the ring "Pogan" {rElec rF+ rC+} (You found it on level 8 of the Dungeon)
  9187 | D:9      | Found a staircase to the Lair.
  9564 | D:9      | Reached **** piety under Dithmenos
 10016 | D:9      | Reached skill level 15 in Stealth
 10349 | D:9      | Noticed Grum
 10362 | D:9      | Killed Grum
 10828 | D:9      | Found a shattered altar of Ashenzari.
 11059 | D:9      | Learned a level 3 spell: Spectral Weapon
 11379 | D:9      | Reached skill level 10 in Hexes
 11437 | Lair:1   | Entered Level 1 of the Lair of Beasts
 11466 | Lair:1   | Noticed an elephant
 11468 | Lair:1   | Noticed an elephant
 11471 | Lair:1   | Noticed an elephant
 11471 | Lair:1   | Noticed an elephant
 11473 | Lair:1   | Killed an elephant
 11479 | Lair:1   | Killed an elephant
 11486 | Lair:1   | Killed an elephant
 11486 | Lair:1   | Reached XP level 11. HP: 75/75 MP: 13/21
 11661 | Lair:1   | Reached skill level 16 in Stealth
 11807 | Lair:1   | Found a basalt altar of Yredelemnul.
 11857 | Lair:1   | Reached skill level 5 in Ice Magic
 11939 | Lair:1   | Noticed a six-headed hydra
 11995 | Lair:1   | Killed a six-headed hydra
 12611 | Lair:2   | Found a labyrinth entrance.
 12626 | Lab      | Entered a labyrinth
 12714 | Lab      | Reached skill level 17 in Stealth
 12732 | Lab      | Reached skill level 5 in Short Blades
 13684 | Lab      | Got a translucent ring mail
 13756 | Lab      | Noticed a minotaur
 13761 | Lab      | Killed a minotaur
 13763 | Lab      | Identified Kikubaaqudgha's Almanac of Evil Secrets
 13764 | Lab      | Got a twisted plate armour
 13765 | Lab      | Identified a -3 rod of ignition (13/13) (You found it in a labyrinth)
 13796 | Lab      | Identified the cursed +1 ring mail of the Kangaroo {rElec rCorr Str-5} (You found it in a labyrinth)
 13807 | Lab      | Identified the +4 plate armour "Ticicu" {rElec} (You found it in a labyrinth)
 13857 | Lair:2   | Reached XP level 12. HP: 81/81 MP: 24/24
 13993 | Lair:2   | Reached skill level 18 in Stealth
 13995 | Lair:2   | Reached ***** piety under Dithmenos
 14176 | Lair:2   | Reached skill level 1 in Conjurations
 15273 | Lair:3   | Reached skill level 1 in Charms
 15495 | Lair:3   | Gained mutation: You are robust (+10% HP). [potion of mutation]
 15495 | Lair:3   | Gained mutation: You are clumsy. (Dex -2) [potion of mutation]
 15495 | Lair:3   | Gained mutation: Your system is resistant to poisons. [potion of mutation]
 15747 | Lair:4   | Reached skill level 19 in Stealth
 17273 | Lair:5   | Found a staircase to the Shoals.
 17310 | Lair:5   | Reached XP level 13. HP: 96/96 MP: 13/26
 17973 | Lair:5   | Found a staircase to the Snake Pit.
 18261 | Lair:6   | Reached skill level 20 in Stealth
 18282 | Lair:6   | Learned a level 1 spell: Animate Skeleton
 18488 | Lair:6   | Found a runed door.
 18489 | Lair:6   | Found a viscous altar of Jiyva.
 18489 | Lair:6   | Noticed an acid blob
 18491 | Lair:6   | Found a staircase to the Slime Pits.
 18491 | Lair:6   | Noticed an acid blob
 18519 | Lair:6   | Noticed Snorg
 18531 | Lair:6   | Killed Snorg
 19429 | Lair:7   | Mangled by a death yak

Skill      XL: |  1  2  3  4  5  6  7  8  9 10 11 12 13 |
---------------+----------------------------------------+-----
Stealth        | 5 6 7 8 9 11 14 15 17 19 20 | 20.3
Hexes          | 5 6 7 8 10 11 12 | 12.9
Ice Magic      | 1 2 3 4 5 6 |  6.8
Fighting       | 1 2 3 4 |  4.1
Dodging        | 3 4 5 6 7 8 |  8.2
Spellcasting   | 3 4 5 7 8 9 |  9.6
Short Blades   | 2 3 4 5 6 |  6.4
Conjurations   | 1 |  1.6
Charms         | 1 |  1.2
Necromancy     | |  0.2
Air Magic      | |  0.2

Action                   |  1- 3 |  4- 6 |  7- 9 | 10-12 | 13-15 || total
-------------------------+-------+-------+-------+-------+-------++-------
Melee: Dagger            |    93 |   114 |    29 |    92 |       ||   328
       Bite              |     3 |    10 |    21 |    21 |     4 ||    59
       Rapier            |       |       |   217 |   255 |    79 ||   551
       Unarmed           |       |       |       |     5 |       ||     5
       Short sword       |       |       |       |    38 |       ||    38
 Cast: Corona            |    10 |       |       |       |       ||    10
       Ensorcelled Hiber |    20 |    24 |    54 |   141 |    15 ||   254
       Confuse           |       |     6 |    16 |    37 |     3 ||    62
       Tukima's Dance    |       |     1 |     5 |     7 |       ||    13
       Dazzling Spray    |       |     1 |    17 |    50 |    28 ||    96
       Repel Missiles    |       |       |     1 |     1 |       ||     2
       Spectral Weapon   |       |       |       |     9 |       ||     9
       Animate Skeleton  |       |       |       |       |     6 ||     6
 Abil: End Transformatio |       |       |       |     1 |       ||     1
       Bat Form          |       |       |       |     1 |       ||     1
  Use: Potion            |    13 |     6 |    15 |    32 |    14 ||    80
       Scroll            |     9 |       |     5 |    11 |     1 ||    26
 Stab: Sleeping          |    30 |    21 |    68 |   145 |    35 ||   299
       Confused          |       |     4 |     4 |    24 |     1 ||    33
       Invisible         |       |       |     7 |    17 |    14 ||    38
Armor: Robe              |    19 |    27 |    31 |    59 |    10 ||   146
Dodge: Dodged            |    58 |    95 |   155 |   261 |    64 ||   633
       Deflected         |       |       |       |     1 |       ||     1
Block: Other             |       |       |       |    27 |    10 ||    37
